 Dungeon Crawl Stone Soup version 0.14.1-24-gbdbe590 (webtiles) character file.

171 Kenran the Insei (level 4, -4/34 HPs)
             Began as a Vampire Monk on June 19, 2014.
             Slain by an orc priest
             ... wielding a cursed +0,-2 short sword
              (5 damage)
             ... on Level 3 of the Dungeon.
             The game lasted 00:10:03 (1925 turns).

Kenran the Insei (Vampire Monk)                     Turns: 1925, Time: 00:10:03

HP  -4/34        AC  3     Str 10      XL: 4   Next: 48%
MP   4/4         EV 14     Int 12      God:
Gold 70          SH  0     Dex 17      Spells:  0 memorised,  3 levels left

rFire  . . .     SeeInvis +       - Unarmed
rCold  + . .     Clarity  .     a - +0 robe
rNeg   . . .     Conserve .     (no shield)
rPois  .         rCorr    .     (no helmet)
rElec  .         rRot     .     i - +0 cloak
SustAb . .       Spirit   .     (no gloves)
rMut   .         Warding  .     (no boots)
Saprov . . .     Stasis   .     (no amulet)
MR     .....                    (no ring)
                                k - ring of protection from cold

@: regenerating quickly, not resistant to hostile enchantments, stealthy
A: fangs 3, see invisible, unbreathing
a: no special abilities


You were on level 3 of the Dungeon.
You were very full.

You visited 1 branch of the dungeon, and saw 3 of its levels.

You collected 70 gold pieces.

Inventory:

Armour
 a - a +0 robe (worn)
 i - a +0 cloak (worn)
Scrolls
 d - 2 scrolls of recharging
 g - a scroll of fear
Jewellery
 h - an uncursed ring of magical power {unknown}
 k - a ring of protection from cold (left hand)
Potions
 b - a potion of blood
 c - 4 potions of curing {unknown}
 e - a potion of confusion {unknown}
 f - a potion of magic {unknown}
 l - 2 potions of brilliance {unknown}


   Skills:
 - Level 2.6 Fighting
 - Level 3.2 Dodging
 - Level 3.0 Stealth
 + Level 6.5 Unarmed Combat


You had 3 spell levels left.
You didn't know any spells.

Dungeon Overview and Level Annotations

Branches:
Dungeon (3/15)

Altars:


Innate Abilities, Weirdness & Mutations

Your natural rate of healing is unusually fast.
You have razor-sharp teeth.*
You have supernaturally acute eyesight.
You can survive without breathing.*


Message History

The orc priest is heavily wounded.
The orc priest mumbles some strange prayers to Beogh against you.
Something smites you!
Ouch! That really hurt!
You barely miss the orc priest.
The orc priest is heavily wounded.
The orc priest hits you but does no damage.
You hit the orc priest.
The orc priest is severely wounded.
The orc priest calls down the wrath of Beogh upon you.
Something smites you!
* * * LOW HITPOINT WARNING * * *
You hit the orc priest.
The orc priest is severely wounded.
The orc priest hits you with a short sword.
* * * LOW HITPOINT WARNING * * *
You hit the orc priest.
The orc priest is almost dead.
The orc priest hits you with a short sword.
You die...

#.######.#........#####.# ## #.#
#.....)..........# ######. .<####
###.####.#####.### #......
.....#####.####.# ##.# #.####.
###..........##.# ##..#####.#####
##.#####.#.##.###..............
###...####.#.....##...####.######
....#.............#...# #># #
###...[.###....o@.#...####)#### #
##.#..# #.#.##..............# #
#.#..# #.#.###.#...####.##.#
#.#..###.#.#...#...# #.##.#
#....%.#.#.........# #....###
#.#..#.............# #....%..
#.##.##..##....)#(## ##.#####
#........###...##.#### #.#
####...........##....# #.#


You could see an orc priest.

Vanquished Creatures
  Ijyb (D:3)
  2 adders (D:3)
  2 worms
  A giant gecko (D:2)
  4 orcs (D:3)
  2 goblins
  7 hobgoblins
  4 jackals (D:1)
  A ball python (D:2)
  7 bats
  3 giant cockroaches
  3 giant newts
  6 kobolds
  6 rats
49 creatures vanquished.

Notes
Turn   | Place    | Note
--------------------------------------------------------------
     0 | D:1      | Kenran, the Vampire Monk, began the quest for the Orb.
     0 | D:1      | Reached XP level 1. HP: 17/17 MP: 1/1
   216 | D:1      | Reached XP level 2. HP: 21/23 MP: 2/2
   321 | D:1      | Reached skill level 5 in Unarmed Combat
   944 | D:2      | Reached XP level 3. HP: 28/28 MP: 3/3
  1263 | D:3      | Noticed Ijyb
  1276 | D:3      | Killed Ijyb
  1276 | D:3      | Reached skill level 6 in Unarmed Combat
  1303 | D:3      | Reached XP level 4. HP: 15/34 MP: 4/4
  1924 | D:3      | HP: 1/34 [orc priest/short sword (2)]
  1925 | D:3      | Slain by an orc priest

Action                   |  1- 3 |  4- 6 || total
-------------------------+-------+-------++-------
Melee: Unarmed           |   123 |    38 ||   161
  Use: Scroll            |     6 |       ||     6
 Stab: Sleeping          |     4 |     2 ||     6
